 Dungeon Crawl Stone Soup version 0.17.0 (console) character file.

1257 Garrluk the Carver (level 8, -6/58 HPs)
             Began as a Formicid Fighter on Nov 7, 2015.
             Was a Follower of the Shining One.
             Mangled by an ogre
             ... wielding a +0 giant club
              (18 damage)
             ... on level 5 of the Dungeon.
             The game lasted 00:12:16 (6078 turns).

Garrluk the Carver (Formicid Fighter)               Turns: 6078, Time: 00:12:16

Health: -6/58      AC: 11    Str: 20    XL:     8   Next: 81%
Magic:  8/8        EV:  5    Int:  9    God:    the Shining One [*.....]
Gold:   198        SH:  9    Dex: 12    Spells: 0 memorised, 7 levels left

rFire  . . .     SeeInvis +     p - -3 falchion (curse)
rCold  . . .     Clarity  .     n - +0 chain mail
rNeg   . . .     SustAt   .     c - +0 shield
rPois  .         Gourm    .     (helmet unavailable)
rElec  .         Spirit   .     (no cloak)
rCorr  .         Warding  .     (no gloves)
rMut   .         Stasis   +     e - +1 pair of boots
MR     .....                    (no amulet)
Stlth  ..........               (no ring)
                                i - ring of loudness (curse)

@: glowing, not resistant to hostile enchantments, extremely unstealthy
A: permanent stasis, dig shafts and tunnels, four strong arms, antennae 3
a: Dig, Shaft Self, Renounce Religion


You were on level 5 of the Dungeon.
You worshipped the Shining One.
The Shining One was aware of your devotion.
You were not hungry.

You visited 1 branch of the dungeon, and saw 5 of its levels.

You collected 198 gold pieces.

Notes
Turn   | Place    | Note
--------------------------------------------------------------
     0 | D:1      | Garrluk the Formicid Fighter began the quest for the Orb.
     0 | D:1      | Reached XP level 1. HP: 18/18 MP: 1/1
    74 | D:1      | Reached XP level 2. HP: 24/24 MP: 2/2
   488 | D:1      | Reached XP level 3. HP: 24/29 MP: 3/3
   821 | D:2      | Found a bloodstained altar of Trog.
  1001 | D:2      | Reached XP level 4. HP: 31/35 MP: 4/4
  1011 | D:2      | Reached skill level 4 in Long Blades
  1074 | D:2      | Found a radiant altar of Vehumet.
  1075 | D:2      | Found a stormy altar of Qazlal.
  1471 | D:2      | Found a glowing golden altar of the Shining One.
  1493 | D:2      | Became a worshipper of the Shining One
  1724 | D:3      | Found a sacrificial altar of Ru.
  1724 | D:3      | Found a blossoming altar of Fedhas.
  1724 | D:3      | Found a shimmering altar of Xom.
  1854 | D:3      | Reached XP level 5. HP: 39/41 MP: 5/5
  2105 | D:3      | Found an iron altar of Okawaru.
  2274 | D:2      | Reached skill level 5 in Long Blades
  2536 | D:4      | Noticed Galdon's ghost (amateur FoHu)
  2927 | D:3      | Reached XP level 6. HP: 41/47 MP: 6/6
  2968 | D:4      | Noticed Sigmund
  3001 | D:4      | Reached skill level 6 in Long Blades
  3020 | D:4      | Killed Sigmund
  3020 | D:4      | Reached XP level 7. HP: 18/52 MP: 7/7
  3231 | D:4      | Reached skill level 7 in Long Blades
  3252 | D:4      | Noticed a phantom
  3566 | D:4      | Killed a phantom
  3767 | D:4      | Found a staircase to the Ecumenical Temple.
  4171 | D:4      | Reached skill level 8 in Long Blades
  4672 | D:4      | Reached XP level 8. HP: 22/58 MP: 8/8
  5029 | D:5      | Entered Level 5 of the Dungeon
  5242 | D:5      | Reached * piety under the Shining One
  5273 | D:4      | Reached skill level 9 in Long Blades
  5791 | D:5      | Reached skill level 10 in Long Blades
  6078 | D:5      | Mangled by an ogre

Inventory:

Hand Weapons
 a - a +0 long sword
 p - a cursed -3 falchion (weapon)
   (You found it on level 2 of the Dungeon)
Missiles
 s - 2 javelins
 v - 26 stones (quivered)
Armour
 c - a +0 shield (worn)
 e - a +1 pair of boots (worn)
   (You found it on level 2 of the Dungeon)
 n - a +0 chain mail (worn)
   (You found it on level 3 of the Dungeon)
Jewellery
 i - a cursed ring of loudness (left hand)
   (You took it off a hobgoblin on level 2 of the Dungeon)
Scrolls
 d - 2 scrolls of magic mapping
 h - 3 scrolls of identify
 m - a scroll of amnesia
 o - 2 scrolls of enchant armour
Potions
 j - a potion of beneficial mutation {unknown}
 k - a potion of degeneration {unknown}
 l - 2 potions of curing
 r - a potion of poison {unknown}
 t - a potion of flight {unknown}
 w - a potion of heal wounds {unknown}
 x - a potion of resistance {unknown}
Comestibles
 f - 6 bread rations
 q - 2 fruits
 u - a slice of pizza

Table legend:
 A = Turns spent in this place as a percentage of turns spent in the entire game.
 B = Non-inter-level travel turns spent in this place as a percentage of non-inter-level travel turns spent in the entire game.
 C = Inter-level travel turns spent in this place as a percentage of turns spent in this place.
 D = Turns resting spent in this place as a percentage of non-inter-level travel turns spent in this place.
 E = Turns spent auto-exploring this place as a percentage of non-inter-level travel turns spent in this place.
 F = Non-inter-level travel turns spent in this place divided by the number of levels of this place that you've seen.
                   A       B       C       D       E      F
               +-------+-------+-------+-------+-------+----------------------
         Total | 100.0 | 100.0 |   0.7 |   2.0 |   5.9 | 398.4
       Dungeon | 100.0 | 100.0 |   0.7 |   2.0 |   5.9 | 398.4
               +-------+-------+-------+-------+-------+----------------------


   Skills:
 - Level 3.2 Fighting
 * Level 10.2 Long Blades
 - Level 3.2 Armour
 - Level 3.6 Shields


You had 7 spell levels left.
You didn't know any spells.

Dungeon Overview and Level Annotations

Branches:
Dungeon (5/15)             Temple (0/1) D:4

Altars:
Fedhas
Okawaru
Qazlal
Ru
Trog
Vehumet
Xom
The Shining One

Annotations:
D:4 Galdon's ghost, amateur FoHu


Innate Abilities, Weirdness & Mutations

You are under a permanent stasis effect.
You can dig through walls and to a lower floor.
Your four strong arms can wield two-handed weapons with a shield.
You have a pair of large antennae on your head (SInv).


Message History

The ogre is lightly wounded.
The ogre hits you with a giant club.
Drink which item? (? for menu, Esc to quit)
Okay, then.
You hit the ogre.
The ogre is moderately wounded.
The ogre hits you with a giant club!
You slash the ogre!
The ogre is heavily wounded.
You slash the ogre!
The ogre is almost dead.
The ogre hits you with a giant club!
* * * LOW HITPOINT WARNING * * *
You hit the ogre but do no damage.
The ogre is almost dead.
You block the ogre's attack.
Your shield and chain mail prevent you from hitting the ogre.
The ogre is almost dead.
The ogre hits you with a giant club!!
You die...

..##......(#....... {
...#...(..(#...(... .
..###....)#(# { . #..###...#(##
### #....####.#.# ###.#####
#......#.#(## ##.......#
###.#...###%###...######
###.##....#......##
.)..###......###.####
...............#O.#.#
#####.####....##@#)##
##....####.......###
#..####....##.##.########
..#.....#####..#.#......#
###.####)# ##..........# ##..#
#.## ###......>.# ##.## ###
#.#......# ###### ##.# #........#
#..... ...# ###......# #.....
.### #......# #.....
##################......####.....


You could see an ogre.

Table legend:
 A = Kills in this place as a percentage of kills in entire the game.
 B = Kills by you in this place as a percentage of kills by you in the entire game.
 C = Kills by friends in this place as a percentage of kills by friends in the entire game.
 D = Other kills in this place as a percentage of other kills in the entire game.
 E = Experience gained in this place as a percentage of experience gained in the entire game.
 F = Experience gained in this place divided by the number of levels of this place that you have seen.
                   A       B       C       D       E      F
               +-------+-------+-------+-------+-------+----------------------
         Total | 100.0 | 100.0 |  -nan |  -nan | 100.0 | 359.4
       Dungeon | 100.0 | 100.0 |  -nan |  -nan | 100.0 | 359.4
               +-------+-------+-------+-------+-------+----------------------

Vanquished Creatures
  Monster Symbol All '@' Sigmund (D:4)
1 creature vanquished. All 'J' A jelly (D:5) 3 oozes
4 creatures vanquished. All 'K' 10 kobolds
10 creatures vanquished. All 'O' 2 ogres
2 creatures vanquished. All 'S' 8 adders
8 creatures vanquished. All 'W' 2 phantoms
2 creatures vanquished. All 'Y' An ice beast (D:5)
1 creature vanquished. All 'Z' An adder skeleton (D:5) 2 quokka skeletons (D:4)
3 creatures vanquished. All 'a' 4 worker ants
4 creatures vanquished. All 'b' 5 bats
5 creatures vanquished. All 'c' A centaur (D:5)
1 creature vanquished. All 'g' 7 hobgoblins 7 goblins
14 creatures vanquished. All 'h' 2 hounds (D:4) 15 jackals
17 creatures vanquished. All 'l' An iguana (D:3) 4 giant geckos 4 giant newts
9 creatures vanquished. All 'o' 3 orc wizards 11 orcs
14 creatures vanquished. All 'r' 5 quokkas 8 rats
13 creatures vanquished. All 's' 2 scorpions 3 giant cockroaches
5 creatures vanquished. All 'w' 5 worms
5 creatures vanquished.
118 creatures vanquished. Monster Nature Uniques Sigmund (D:4)
1 creature vanquished. Natural Monsters An ice beast (D:5) 2 ogres A centaur (D:5) 2 scorpions 2 hounds (D:4) A jelly (D:5) 3 orc wizards An iguana (D:3) 4 worker ants 8 adders 3 oozes 5 worms 4 giant geckos 11 orcs 7 hobgoblins 10 kobolds 5 quokkas 5 bats 3 giant cockroaches 4 giant newts 7 goblins 15 jackals 8 rats
112 creatures vanquished. Undead Monsters 2 phantoms An adder skeleton (D:5) 2 quokka skeletons (D:4)
5 creatures vanquished.
118 creatures vanquished. Ascending Order Sigmund (D:4) An ice beast (D:5) A centaur (D:5) A jelly (D:5) An iguana (D:3) An adder skeleton (D:5) 2 phantoms 2 ogres 2 scorpions 2 hounds (D:4) 2 quokka skeletons (D:4) 3 orc wizards 3 oozes 3 giant cockroaches 4 worker ants 4 giant geckos 4 giant newts 5 worms 5 quokkas 5 bats 7 hobgoblins 7 goblins 8 adders 8 rats 10 kobolds 11 orcs 15 jackals
118 creatures vanquished.

Action                   |  1- 3 |  4- 6 |  7- 9 || total
-------------------------+-------+-------+-------++-------
Melee: Long sword        |    74 |       |       ||    74
       Falchion          |     7 |   313 |   499 ||   819
Throw: Stone             |       |       |     9 ||     9
       Javelin           |       |       |     9 ||     9
 Abil: Dig               |     2 |     2 |     9 ||    13
  Use: Scroll            |     5 |     4 |     1 ||    10
       Potion            |       |     1 |     5 ||     6
  Eat: Chunk             |       |     7 |    13 ||    20
